[Event "Washington Open"]
[Site "Chess.com"]
[Date "2021.05.31"]
[Round "6"]
[White "Kulkarni, Ojas"]
[Black "Guha, Mitrabha"]
[Result "0-1"]
[ECO "B13"]
[WhiteElo "2216"]
[BlackElo "2484"]
[Annotator "IM Mitrabha Guha"]
[PlyCount "222"]
[EventDate "2021.05.29"]
[TimeControl "6000+30"]
[WhiteClock "0:07:34"]
[BlackClock "0:21:11"]

1. e4 {[%emt 0:00:00] Very interesting game
where i managed to win from being a queen down for 2minor pieces and a pawn.}
c6 2. d4 d5 3. exd5 cxd5 4. c3 Nc6 5. Bf4 (5. Bd3 Nf6 6. Bf4 Bg4 7. Qb3) 5... Bf5 6. Nd2 e6 7. Ngf3 Nf6 8. Be2 Be7 (8... Bd6 9.
Bxd6 Qxd6 10. O-O O-O ) 9. O-O O-O 10. Nh4 Bg6 (10... Be4 11.
Nxe4 dxe4 ) 11. Nxg6 hxg6 12. Re1 Bd6 13. Bg5 (13.
Bxd6 Qxd6 14. Nf3 Rab8 15. a4 a6) 13... Rb8 14. a4 Qc7 15. g3 a6 16.
Kg2 b5 17. axb5 axb5 18. h4 Nh7 (18... b4 19. Bxf6
gxf6 20. h5 g5) 19. Be3 Ne7 20. Bd3 (20. h5 gxh5 21. Bd3 g6) 20... Nf5 (20... b4 21. c4
dxc4 22. Nxc4 Nf5) 21. h5 b4 (21... gxh5 22.
Qxh5 Nf6 23. Qh3 ) (21... Nxe3+ 22. Rxe3 g5 23. Qg4 ) 22. hxg6 fxg6 23. c4 Qf7
{[%emt 0:11:00] This provokes Qf3 which allows a tempo after Qb7} (23... Qb7
24. c5 Bxc5 25. dxc5 d4+ 26. Be4) (23... dxc4 24. Bxc4 Qc6+ 25. Kg1 Nxe3 26.
Rxe3 Ng5 27. Qg4) (23... Nf6 24. c5) 24. Qf3 Qb7 25. Qe2 Nf6 (25... dxc4+ 26. Be4) 26. c5 Bxc5 27. Ba6 (27. dxc5 d4+
28. Qf3 dxe3) (27. Bxf5 exf5 28. dxc5 d4+ 29. Nf3 (29. Qf3 Qxf3+ 30. Nxf3 dxe3
31. fxe3) 29... dxe3 30. Qxe3 {Engine show this is clearly winning for white
but thought this was equal during the game}) 27... Qa8 28. Bd3 Qb7 29. Ba6 Qa8 {[%emt 0:00:
55] Draw is very good for black as he is clearly minus but I a draw would mean
slipping of the joint first position} 30. Bd3 Ba7 {[%emt 0:00:
36] Maybe a too brave descion as black is just clearly lost here but my
opponent doestn play accurately} 31. Bxf5 (31. Rh1 Qb7 32. Nf3 ) (31. Nf3 Qb7 32. Rh1 Nxe3+ 33. fxe3) 31... exf5 (31... gxf5 32. Bf4 ) 32. Bf4 (32. Qa6 Bb6
) 32... Rbe8 33. Qa6 {[%emt 0:00:03] My opponent already
offered draw 2 times till now} Bxd4 34. Qd3 Ba7 35. Rxe8 Rxe8 36. Qa6 d4+ (36... Re7 37. Bd6 Re6) 37. Nf3 (37. Kg1 d3 $3 38. Qxa7 (38. Rf1 Bxf2+ 39. Rxf2 Qxa6) (38. Nf3 Qxf3) (
38. Nf1 Bxf2+ 39. Kxf2 Re2+ 40. Kg1 Qg2#) 38... Re1+ 39. Rxe1 Qxa7) 37... Re7 38. Bd6 Rd7 (38... Rf7 {
I had planned to play this but Rc1 Rh1 forces a draw so again had to play the
worse Rd7 for a win} 39. Rc1 Kh7 40. Rc6 (40. Rc8 Qe4) 40... Ne4) 39. Bc5 (39. Bxb4) (39. Rc1 Kh7) 39... g5 {[%emt 0:06:10] I completely
missed Qe6 here when I played Rd7 . When i saw after g5 i was in complete
shock and offered a draw which my opponent rejected now} 40. Qe6+ (40. Qc4+ Kh7 41. Rh1+ Kg6) 40... Kh7 41. Qxf5+ Kg8 42. Qe6+ Kh7 43.
g4 d3 44. Rh1+ Kg6 45. Qf5+ Kf7 46. Kg1 (46. Rh8 {We both missed the remarkable Rh8 which instantly wins}) 46... Qxf3 47. Qxf3 Bxc5 {[%emt 0:00:01] This is not
that bad for black as all his pieces are protected and has the d3 passed pawn}
48. Kg2 Rd4 49. Qb7+ (49.
Rc1 d2 50. Rd1) 49... Kg6 50. f3 $2 {[%emt 0:00:07] This
weakens the e3 square} d2 51. Rd1 Bd6 $1 52. Qc6 Bf4 {[%emt 0:00:28][%csl
Yf4,Yg5][%cal Gf6d5,Gd5e3,Gd4c4,Gc4c1] Everything is protected black now need
to bring his rook to C1 or knight to e3} 53. Qc5 Rd6 54. Qf5+ Kf7 {[%emt 0:00:04][%csl Gf7] Blacks king is
very safe here while whites rook is tied down} 55. Kf1 (55.
Kf2 $1 g6 56. Qc8 Nd5 57. Rh1) 55... g6 56. Qc8 Nd5 57. Ke2 Ke7 58. Rh1 Re6+ 59. Kd3 Kd6 60. Rd1 (60. Qb8+ Kc5 61. Qa7+ Kc6 62. Qa8+ Kd6 63.
Qb8+) (60. Qd8+ Kc5) 60... Re3+ 61. Kc2 (61.
Kxd2 Rc3+) (61. Kd4 Be5+ 62. Kc4 Nb6+) 61... b3+ 62. Kb1 Re1 63. Qb8+ Kd7 64. Qb7+ Ke8 65. Qxb3 Ne3 {[%emt 0:00:08] I was trying to get to f6 without going to e7 first} 66.
Qe6+ (66. Qb5+ Kf7 67. Qd7+ (67. Qb3+ Kf6 68. Qc3+ Be5 69.
Rxe1 Bxc3 70. Rxe3 {There is no check now as the king is on f6}) 67... Kf6)
66... Kd8 67. Qb6+ Kd7 68.
Qb5+ Ke7 69. Qb4+ Bd6 70. Rxe1 d1=Q+ {[%emt 0:00:02] This is the
point of the whole variation starting from Re3.I think my opponent missed this
intermediate move without this white is clearly winning} 71. Rxd1 Bxb4 72. Rd3 Ng2 73.
Rd4 (73. Kc2 Ne1+) 73... Bd6 74. Re4+ Kd7 75. Kc2 Kc6 76. b4 Nh4 77. Re3 $2 Bxb4 {[%emt 0:00:16] Now black will keep on grinding but my opponent blunders
in the next move} 78. Kd3 Bc5 79. Re6+ Kd5 80. Rf6 Be7 81. Ra6 (81. Rf7 Ke6 82. Rg7 Nxf3 83. Rxg6+ Bf6 84. Rg8
Ne5+ 85. Ke4 Nxg4) 81... Nxf3 82. Ke2 (82.
Rxg6 Ne5+) 82... Ne5 83. Kf1 Bd6 (83... Nxg4 84. Rxg6 Ke5 85. Ra6 Bf6 86. Ra5+ Kf4 87. Ra4+ Kf5 88. Ra5+
Be5 ) 84. Ra4 Bc5 85. Kg2 Bd4 86. Kg3 Ke4 87. Ra6 Ke3 88. Re6 Ke4 89. Ra6 Nd3 90. Ra4 Ke3 91. Ra8 Be5+ 92. Kg2 Nf4+ 93. Kg3 Ne2+ 94. Kg2 Kf4 95. Ra4+ Bd4 96. Kf1 (96. Kh3 Kf3 97.
Ra3+ Be3) 96... Kf3 97. Ra3+ Be3 98. Ra4 Nf4 99. Ra3 Ne2 100. Ra4 Ng3+ 101. Ke1 Bf4 102. Ra6 Kxg4 103. Kf2 (103. Rxg6 Kf3 ) 103... Kh5 104. Kf3 Nf5 105. Ra5 Nh4+ 106. Kf2 Kg4 107. Ra3 Kf5 108. Ra8 g4 109. Rf8+ Kg5 110. Ra8 g3+ 111. Kg1 Be3+ {[%emt 0:00:03] mitrabhaa won by resignation} 0-1

[Event "2021 WA Open tournament, Open section"]
[Site "Chess.com"]
[Date "2021.05.31"]
[Round "5"]
[White "Chow, Alex"]
[Black "Razmov, Valentin"]
[Result "1/2-1/2"]
[ECO "B01"]
[WhiteElo "1786"]
[BlackElo "1935"]
[Annotator "Valentin Razmov"]
[PlyCount "99"]
[EventDate "2021.??.??"]
[TimeControl "6000+30"]

1. e4 d5 2. exd5 Qxd5 3. Nc3 Qa5 4. d4 c6 5.
Bd2 {A rare and sharp move that requires precision; Black has to watch out for
discovered attacks on the queen.} Nf6 (5... Bf5 6. g4 Bg6 7. f4 e6 8. Qe2 Ne7 {
illustrates why Black has to be precise.}) (5... Qb6 $6 {does win a pawn for
Black, but who wants to lag far behind on development as a result?}) 6. Bd3 Bg4
7. Nf3 Nbd7 8. h3 Bh5 9. Qe2 e6 10. g4 Bg6 11. Bxg6 hxg6 {Both sides have been
looking for the right time and direction to castle, depending on the
opponent's choices, yet without revealing anything with certainty.} 12. O-O-O
O-O-O $2 {A simple tactical oversight that defines the course of the game from
here onward. Black loses the traditionally weak f7-pawn without compensation.
Being pushed to the edge of defeat and surviving requires mental and emotional
perseverance, clarity of vision, creativity, and deep knowledge in conducting
the defense - precisely the qualities for the display of which from this point
onward I am submitting this game for a brilliancy prize.} (12... Be7 13. Kb1
Qc7 {would have been a normal course of play instead.}) 13. Ng5 Re8 14. Nxf7
Rg8 15. Kb1 {Avoiding threats of ...Qxa2 and thus freeing the knight on c3.} e5
$6 {Standing before a major strategic decision about the course of the game,
Black needs to take care of their two weak pawns on e6 and g6 without losing
more material. The first concrete decision is to exchange the weak e6-pawn and
to activate a piece in the process. If it wasn't for a brilliant potential
refutation of this idea - which both players missed and which even a chess
engine requires a full minute (!) of computation to \"see\" - this would have
been a great move. In practice, it is still a great idea since not many humans
would have found the best continuation for White here. I challenge the reader
to look for another sensible move for White besides the obvious capture(s) on
e5.} (15... Qc7 16. Rhe1 {is \"correct\" in the objective sense, but leaves
White with a stable advantage and puts no particular challenges on their
forward path.}) 16. dxe5 $6 (16. Rhe1 $3 {The reason why this positional queen
sacrifice makes any sense is revealed once you see five moves deep...} exd4 17.
Qxe8+ Nxe8 18. Rxe8+ Kc7 19. Bf4+ Kb6 20. Rxd4 {± Black has no good moves
here, it turns out, since all black pieces are poorly placed, resulting in a
hopeless situation, both strategically and tactically. In reality, who in
White's shoes would have a desire to sacrifice material - a queen, nonetheless
- without a checkmate in sight, especially at a time when White is up a solid
pawn and feels in command of the position! Psychologically such decision tend
to be very difficult.}) 16... Nxe5 17. Ne4 $2 {After a surprisingly long
thought, White emerges with a surprise, ironically one that hurts them more
than it helps in the end. As White shared after the game, they were hoping to
somehow capitalize on the tactical energy of the white knights near the center.
I had only seriously considered the exchange of knights on e5:} (17. Nxe5 Rxe5
18. Qd3 {±}) 17... Qd5 $1 {After a long thought in turn, in the choice
between 17...Qc7 and 17...Qd5, Black opts for the more active move, intending
to put White under some pressure and also laying a hidden tactical trap.} (
17... Qc7 $6 18. Nfg5 Nf7 19. Qd3 {±}) 18. Nxf6 {A precise decision!} (18.
Nfg5 $2 {was the start of the elaborate trap Black had laid.} Nxe4 19. Nxe4 $2
({If} 19. Qxe4 Qxe4 20. Nxe4 Nxg4 21. hxg4 Rxe4 {and Black restores the
balance.}) 19... Nc4 {Now Black even wins owing to elegant tactics!} 20. f3 $4
(20. Rhe1 {doesn't save White due to} Rxe4 $1 21. Qxe4 Nxd2+ 22. Rxd2 Qxd2 23.
Qe6+ Kc7 {∓ The black rook on g8 is invulnerable due to White's back-rank
weakness.}) (20. Rde1 $2 Rxe4 21. Qxe4 Nxd2+ {-+}) 20... Qb5 $1 {and White has
a choice between being checkmated and losing the queen to a discovered attack.}
) 18... gxf6 {Even though the trap didn't \"snap\", Black still emerged with
another small victory - now their second weak king-side pawn has also been
fixed.} 19. Nxe5 Rxe5 20. Be3 {In a challenging situation, White makes a
slippery decision - the bishop is now pinned to the queen, which sets the
stage for Black's endgame plan.} (20. Qf1 Qf3 {is apparently the better choice
for White, according to the engine, but once again difficult to make due to
White's passive-looking queen on f1, in contrast to Black's active queen on f3.
}) 20... Qe6 21. Rhe1 $2 {This logical looking move only simplifies Black's
defensive job, as it allows an easy exchange of bishops. Black had already
pre-meditated to transition into a rook endgame or a queen endgame as a path
toward rescuing the draw. Both of these types of endgames offer considerable
drawing chances when defending a pawn down and often even with two pawns down.
White's only realistic chance for continuing to play for a win was to keep the
bishops on board, if possible, or to create some weakness in Black's camp.} (
21. Qd2 Bc5 22. Bf4 $2 ({or} 22. Bxc5 Rxc5 23. Rhe1 Re5 24. Rxe5 fxe5 25. Qe3 {
± looks like White's best chance forward due to Black's weakened central
pawns.}) 22... Rd5 {= Even though the bishop survives the exchange, Black gets
back their pawn (on f2).}) (21. Qd3 $5 Bc5 22. Bxc5 Rxc5 23. Rhe1 ({or} 23. Qa3
Qc4 24. Rc1 a5) 23... Re5 24. Rxe5 fxe5 25. b3 {and White similarly retains
winning chances due to weaknesses in Black's position.}) 21... Bc5 22. Qd2 (22.
Rd3 Bxe3 23. fxe3) 22... Bxe3 23. Rxe3 (23. fxe3 Rd5 {⩲ was possible too,
keeping more material. Still, the weakened, isolated white e3-pawn, coupled
with no clear targets in Black's position and no passed pawn for White,
suggests that a draw is the most likely result here.}) 23... Rxe3 24. fxe3 (24.
Qxe3 $6 {Black could force the draw by} Qxe3 25. fxe3 Rh8 (25... Re8 {should
still work, but is a bit less clear after} 26. Rd3 Rh8 27. e4 Re8 28. Re3 Kd7 {
=}) 26. Rh1 Re8 27. Re1 ({If} 27. h4 $5 Rxe3 28. h5 gxh5 29. gxh5 Re7 {= Black
blockades the passed pawn and then centralizes their king, while White's rook
is passive due to the need to constantly defend its h-pawn.}) 27... Rh8 {
= with a logical repetition.}) 24... Re8 25. b3 {Calling Black's bluff attack
on e3.} Qd5 $1 {A nice touch, forcing further exchanges into a choice of
technically drawn endgames.} (25... Qxe3 $2 {The e3-pawn is invulnerable due to
} 26. Qd7+ Kb8 27. Qd6+ Kc8 28. Qxf6 {± and suddenly White is close to
creating a king-side passed pawn, giving them plausible winning chances.}) 26.
Qxd5 (26. Qe2 $5 {but then suddenly} Rxe3 $1 27. Qxe3 Qxd1+ 28. Kb2 {and
seemingly White wins back their extra pawn, either on a7 or on g6 (via a queen
check on e8), except...} Qd6 $1 {and Black manages to maintain equal material
or else delivers a perpetual check, since White's queen would be outside of
the action on a7 or g6, unable to help its own king avoid the black queen's
checks or avert a further loss of a pawn. Other options are much worse for
Black:} (28... Qf1 $6 29. Qe8+ Kc7 30. Qf7+ Kc8 31. g5 $1 {±}) (28... Qh1 $2
29. Qe8+ Kc7 30. Qe7+ Kc8 31. Qxf6 Qxh3 32. Qxg6 Qh8+ 33. Ka3 Qf8+ 34. b4 {±})
29. Qxa7 {should be drawn after} (29. Qe8+ {is equal too after} Kc7 30. Qxg6
Qe5+ 31. c3 Qh2+ {=}) 29... Qe5+ 30. c3 Qh2+ {=}) 26... cxd5 27. Rxd5 Rxe3 28.
Rd6 Rf3 $1 {Avoiding a trap - both f6- and g6-pawns were in danger.} 29. Rd3
Rf1+ {The king-and-pawn endgame would, expectedly, be lost for Black with a
pawn down, so there's no reason to want to exchange rooks.} 30. Kb2 Kc7 {
Activating the king and restricting the white rook's options.} 31. Kc3 f5 {
Time to exchange pawns and simplify the position. Black's goal is to eliminate
all king-side pawns, while keeping the king close to its minority (2 vs 3
pawns) on the queen-side.} 32. gxf5 Rxf5 {Not allowing White to have a passed
h-pawn.} 33. Kd2 $6 (33. Rg3 Rf4 34. a4 Rh4) 33... Rf2+ 34. Kc3 Rg2 {
\"Sticking\" to the c2-pawn, thus restricting the white king's movement also.}
35. a4 a5 {Limiting the queen-side pawns' movement too, or at least demanding
that it happen at the cost of more simplifying pawn exchanges.} 36. h4 $5 {
Setting a creative trap for defenders who may be overly eager to exchange
pawns quickly.} b6 $1 (36... g5 $2 37. h5 Rh2 38. Rd5 Rxh5 39. Rxa5 {and White
may have renewed winning chances deep in the endgame due to the 3 vs 1
majority on the queen side.}) 37. Rd4 g5 {Now White cannot avoid the king-side
pawn exchanges.} 38. Rc4+ Kb7 {Staying close to the pawns for a further
reassuring defense.} 39. hxg5 Rxg5 40. Kd4 Rh5 41. Kc3 Rg5 {Black declares a
\"no-crossing zone\" along the 5th rank.} 42. Rd4 Rg2 {Back to the
\"sticking\" defense - limiting the white king's mobility.} 43. Rc4 Rh2 44. Re4
Rg2 45. Kd3 Rg3+ 46. Kc4 Rg2 47. Kb5 $6 {White finally gives up trying to move
forward all queen-side pawns together.} (47. c3 Rg5 (47... Rb2 {should be
drawn in all cases})) 47... Rxc2 48. Re7+ Rc7 {Just in time!} 49. Rxc7+ ({
Of course, not} 49. Re6 $4 Rc5#) 49... Kxc7 50. b4 {Game drawn by agreement
and after just over 4 hours of play, the game ended peacefully. A good
accomplishment by Black, steering the ship to safety from what looked like a
stormy ocean after the early loss of a critical pawn.} 1/2-1/2